AoeStats
← Joaquito

Arabia

507214867Analyzed
1v1 RM · 14d ago on Sep 17, 2026· 34m 5s· 2 players
Game mode
Random Map
Map size
Tiny (2 player)
Population
200
Speed
Normal
Resources
Standard
Victory
Conquest
Starting age
Dark Age
Ending age
Imperial Age
RankedLock teamsTeams togetherTeam positionsShared explorationLock speedFull tech treeHidden civsTurbo modeCheats
Victory
Defeat
🇺🇸 Ethiopians · United States
959
+30
🇨🇱 Shu · Chile
952
-37
Joaquito
5:12 Loom
11:32 Feudal Age
19:39 Castle Age
19:48 Fletching
19:53 Crossbowman
24:00 Bodkin Arrow
29:35 Town Watch
30:00 Padded Archer Armor
MyCrowPhone
10:28 Feudal Age
8:47 Loom
15:08 Castle Age
15:41 Forging
16:28 Scale Mail Armor
20:36 Arson
20:35 Horse Collar
22:35 Squires
23:08 Double-Bit Axe
23:49 Chain Mail Armor
Connection lost

Rejoining the realm…

Still unreachable

The connection could not be restored.

Session expired

The server has moved on; the page needs a fresh start.